[Event "Turkish Cup 2024"]
[Site "Denizli"]
[Date "2024.08.05"]
[Round "10"]
[White "Tektas, Onur Efe"]
[Black "Atis, Hasan"]
[Result "0-1"]
[ECO "B31"]
[WhiteElo "1851"]
[BlackElo "2080"]
[Annotator "NA RC"]
[PlyCount "104"]
[EventDate "2024.08.01"]
[EventType "swiss"]
[EventCountry "TUR"]
[SourceTitle "playchess.com"]
[Source "ChessBase"]
[SourceQuality "1"]
[TimeControl "5400+30"]

1. e4 c5 2. Nf3 Nc6 3. Bb5 g6 4. c3 Nf6 5. d3 Bg7 6. O-O O-O 7. Re1 Qb6 8. a4 d5 9. h3 h6 10. e5 Ne8 11. d4 cxd4 12. cxd4 Nc7 13. Nc3 Bf5 14. b3 Nb4 15. a5 Qe6 16. Ra4 Nxb5 17. Nxb5 Nd3 18. Nc7 Qc6 19. Nxa8 Nxe1 20. Nxe1 Rxa8 21. Be3 g5 22. Qc1 Qb5 23. Qa3 Bf8 24. Qb4 Qa6 25. Qd2 Rc8 26. Ra1 Kh7 27. g4 Be4 28. f3 Bg6 29. Kf2 Qb5 30. Rc1 Rxc1 31. Qxc1 Qxb3 32. Qc8 Bg7 33. Qc5 a6 34. Qxe7 Qa2+ 35. Kf1 Qxa5 36. Qxb7 Qa2 37. Bf2 a5 38. Qe7 a4 39. h4 gxh4 40. f4 Qc4+ 41. Kg1 Qe2 42. Qxh4 a3 43. Qg3 a2 44. Qa3 Qxg4+ 45. Kf1 Bb1 46. Be3 h5 47. Bc1 Bh6 48. Bb2 Qxf4+ 49. Qf3 Be4 50. Qxf4 Bxf4 51. Ng2 Bc1 52. Ba1 Kg6 0-1

[Event "Turkish Cup 2024"]
[Site "Denizli"]
[Date "2024.08.05"]
[Round "10"]
[White "Bilir, Ibrahim"]
[Black "Yuksel, Davut Can"]
[Result "1/2-1/2"]
[ECO "C91"]
[WhiteElo "1830"]
[BlackElo "1882"]
[Annotator "NA RC"]
[PlyCount "133"]
[EventDate "2024.08.01"]
[EventType "swiss"]
[EventCountry "TUR"]
[SourceTitle "playchess.com"]
[Source "ChessBase"]
[SourceQuality "1"]
[TimeControl "5400+30"]

1. e4 e5 2. Nf3 Nc6 3. Bb5 a6 4. Ba4 Nf6 5. O-O Be7 6. Re1 b5 7. Bb3 O-O 8. d4 d6 9. c3 Bg4 10. Be3 Na5 11. Bc2 Nc4 12. Bc1 Nd7 13. b3 Ncb6 14. Bb2 c5 15. h3 Bh5 16. Nbd2 Bf6 17. dxc5 Bxf3 18. Qxf3 dxc5 19. Rad1 Qc7 20. Nf1 g6 21. Ne3 Bg7 22. Re2 Rfd8 23. Red2 Nf8 24. Nd5 Nxd5 25. Rxd5 Rxd5 26. Rxd5 Rd8 27. Qd3 Rxd5 28. Qxd5 Qd7 29. Qxd7 Nxd7 30. Bc1 Bf8 31. Be3 Nb6 32. Bd3 f6 33. f3 Kf7 34. Kf2 Ke6 35. g4 g5 36. Ke2 Kd6 37. Kd2 Kc6 38. Kc2 c4 39. Be2 Bc5 40. Bxc5 Kxc5 41. b4+ Kc6 42. Kd2 Na8 43. Ke3 Nc7 44. Bf1 Ne6 45. Kd2 Kb6 46. Be2 a5 47. a3 Nf4 48. Bf1 axb4 49. axb4 Ng6 50. Ke3 Kc6 51. Be2 Nf8 52. Bf1 Ne6 53. Be2 Nc7 54. Bd1 Kd6 55. Be2 Ke6 56. Bf1 Kf7 57. Be2 Kg6 58. Bf1 h5 59. Be2 hxg4 60. hxg4 Kf7 61. Bf1 Ke6 62. Be2 Kd6 63. Bf1 Ne6 64. Be2 Nf4 65. Bf1 Kc6 66. Be2 Nxe2 67. Kxe2 1/2-1/2

[Event "Turkish Cup 2024"]
[Site "Denizli"]
[Date "2024.08.05"]
[Round "10"]
[White "Zeyrek, Ayaz"]
[Black "Er, Mira"]
[Result "1-0"]
[ECO "A60"]
[WhiteElo "1798"]
[BlackElo "1770"]
[Annotator "NA RC"]
[PlyCount "60"]
[EventDate "2024.08.01"]
[EventType "swiss"]
[EventCountry "TUR"]
[SourceTitle "playchess.com"]
[Source "ChessBase"]
[SourceQuality "1"]
[TimeControl "5400+30"]

1. d4 c5 2. d5 e6 3. c4 exd5 4. cxd5 Bd6 5. Nc3 Nf6 6. g3 O-O 7. Bg2 Re8 8. Nf3 a6 9. a4 Bf8 10. O-O d6 11. Nd2 Nbd7 12. Nc4 Nb6 13. Na3 Bf5 14. Re1 Ne4 15. a5 Nd7 16. Nc4 b5 17. axb6 Nxb6 18. Na5 Nd7 19. f3 Nxc3 20. bxc3 Qc7 21. Bf4 Be7 22. e4 Bg6 23. Qc2 Nb6 24. Qb3 c4 25. Qb4 Rab8 26. Qa3 Nd7 27. Bf1 Nc5 28. Bxc4 f5 29. Nc6 fxe4 30. Qxc5 Qd7 1-0

[Event "Turkish Cup 2024"]
[Site "Denizli"]
[Date "2024.08.05"]
[Round "10"]
[White "Saricam, Ege"]
[Black "Cakir, Ege"]
[Result "0-1"]
[ECO "B40"]
[WhiteElo "1794"]
[BlackElo "1889"]
[Annotator "NA RC"]
[PlyCount "50"]
[EventDate "2024.08.01"]
[EventType "swiss"]
[EventCountry "TUR"]
[SourceTitle "playchess.com"]
[Source "ChessBase"]
[SourceQuality "1"]
[TimeControl "5400+30"]

1. e4 c5 2. Nf3 e6 3. d4 cxd4 4. Nxd4 Nf6 5. Bd3 Nc6 6. Nxc6 bxc6 7. O-O d5 8. e5 Nd7 9. Re1 Qb6 10. c3 Bc5 11. Qf3 O-O 12. b4 Be7 13. Qh3 f5 14. g4 Qxf2+ 15. Kxf2 fxg4+ 16. Kg3 gxh3 17. Kg4 a5 18. Bd2 axb4 19. cxb4 c5 20. bxc5 Ra4+ 21. Kxh3 Rf3+ 22. Kg2 Rxd3 23. Re3 Rxe3 24. Bxe3 Bxc5 25. Nc3 Rg4+ 0-1

[Event "Turkish Cup 2024"]
[Site "Denizli"]
[Date "2024.08.05"]
[Round "10"]
[White "Saltik, Suleyman"]
[Black "Yildirim, Ibrahim Halil"]
[Result "0-1"]
[ECO "C89"]
[WhiteElo "1776"]
[BlackElo "2024"]
[Annotator "NA RC"]
[PlyCount "78"]
[EventDate "2024.08.01"]
[EventType "swiss"]
[EventCountry "TUR"]
[SourceTitle "playchess.com"]
[Source "ChessBase"]
[SourceQuality "1"]
[TimeControl "5400+30"]

1. e4 e5 2. Nf3 Nc6 3. Bb5 a6 4. Ba4 Nf6 5. O-O Be7 6. Re1 b5 7. Bb3 O-O 8. c3 d5 9. exd5 Nxd5 10. Nxe5 Nxe5 11. Rxe5 c6 12. Bxd5 cxd5 13. Qf3 Bd6 14. Re1 Qh4 15. h3 Bd7 16. d4 Rae8 17. Be3 Re6 18. Nd2 Rg6 19. Kf1 Re8 20. Ke2 Rf6 21. g3 Qxh3 22. Qh1 Qg4+ 23. f3 Qg6 24. Rac1 Bxg3 25. Rg1 Rxe3+ 26. Kxe3 Re6+ 27. Ne4 dxe4 28. f4 Qg4 29. Rcf1 Rf6 30. Kd2 Rxf4 31. Rxf4 Qxf4+ 32. Kc2 Qf2+ 33. Kb1 Qh2 34. Qxh2 Bxh2 35. Re1 Bg3 36. Re2 f5 37. Kc1 e3 38. b3 f4 39. Kc2 Bf2 0-1

[Event "Turkish Cup 2024"]
[Site "Denizli"]
[Date "2024.08.05"]
[Round "10"]
[White "Turk, Talha Gunes"]
[Black "Tutuncu, Ali"]
[Result "0-1"]
[ECO "B06"]
[WhiteElo "1776"]
[BlackElo "2041"]
[Annotator "NA RC"]
[PlyCount "90"]
[EventDate "2024.08.01"]
[EventType "swiss"]
[EventCountry "TUR"]
[SourceTitle "playchess.com"]
[Source "ChessBase"]
[SourceQuality "1"]
[TimeControl "5400+30"]

1. e4 g6 2. d4 Bg7 3. Nc3 d6 4. Be3 a6 5. Qd2 b5 6. f3 Nd7 7. h4 h6 8. Nh3 Bb7 9. O-O-O Rc8 10. Kb1 e5 11. Nf2 Ne7 12. g4 exd4 13. Bxd4 Ne5 14. Be2 c5 15. Be3 b4 16. Nd5 Nxd5 17. exd5 Nxf3 18. Qc1 Ne5 19. Ne4 c4 20. h5 g5 21. Ng3 b3 22. Nf5 Bf6 23. a3 c3 24. Rde1 cxb2 25. Qxb2 bxc2+ 26. Kc1 Bxd5 27. Bb6 Qd7 28. Bxa6 Kf8 29. Qb4 Rc6 30. Rhf1 Bc4 31. Bxc4 Rxc4 32. Qd2 Qc6 33. Ba5 Rc5 34. Rxe5 Bxe5 35. Bb4 Bf4 36. Rxf4 Qh1+ 37. Qe1 Qxe1+ 38. Bxe1 gxf4 39. Bb4 f3 40. Bxc5 dxc5 41. Kxc2 f2 42. Ne3 Kg7 43. Nf5+ Kf6 44. Ng3 Re8 45. Kd2 Re1 0-1

[Event "Turkish Cup 2024"]
[Site "Denizli"]
[Date "2024.08.06"]
[Round "11"]
[White "Gunduz, Umut Erdem"]
[Black "Yildiz, Talat"]
[Result "1/2-1/2"]
[ECO "B37"]
[WhiteElo "2276"]
[BlackElo "1956"]
[Annotator "NA RC"]
[PlyCount "109"]
[EventDate "2024.08.01"]
[EventType "swiss"]
[EventCountry "TUR"]
[SourceTitle "playchess.com"]
[Source "ChessBase"]
[SourceQuality "1"]
[TimeControl "5400+30"]

1. Nf3 c5 2. c4 g6 3. d4 cxd4 4. Nxd4 Nc6 5. Nc2 Bg7 6. e4 d6 7. Be2 Be6 8. O-O Rc8 9. Ne3 Qd7 10. f4 Nd4 11. Bd3 f5 12. Nc3 Nf6 13. exf5 Nxf5 14. Ned5 O-O 15. Bd2 Nxd5 16. cxd5 Bf7 17. Re1 Rc5 18. Ne4 Bd4+ 19. Kf1 Rxd5 20. Qf3 b5 21. Ng5 Bxb2 22. Nxf7 Rxd3 23. Qxd3 Bxa1 24. Ng5 Bf6 25. Qd5+ Kh8 26. Ne6 Rc8 27. g4 Ng7 28. g5 Bb2 29. Qb3 Nxe6 30. Rxe6 Bg7 31. Qe3 Qc6 32. Rxe7 Qh1+ 33. Ke2 Qg2+ 34. Ke1 Qh1+ 35. Ke2 Qc6 36. Qxa7 Qc4+ 37. Ke1 Bc3 38. Qe3 Bxd2+ 39. Qxd2 Qc1+ 40. Qd1 Qb2 41. Re2 Qc3+ 42. Kf2 Qc5+ 43. Kg3 Qc3+ 44. Kg4 Qc6 45. Qd4+ Kg8 46. Kh4 Qc4 47. Qe3 Rf8 48. Kg3 Rxf4 49. Qxf4 Qxe2 50. Qxd6 Qe3+ 51. Kg4 Qg1+ 52. Qg3 Qd1+ 53. Qf3 Qg1+ 54. Qg3 Qd4+ 55. Qf4 1/2-1/2

[Event "Turkish Cup 2024"]
[Site "Denizli"]
[Date "2024.08.06"]
[Round "11"]
[White "Topuz, Mirac Melih"]
[Black "Yilmaz, Kerem Tuna"]
[Result "1-0"]
[ECO "C20"]
[WhiteElo "2148"]
[BlackElo "2025"]
[Annotator "NA RC"]
[PlyCount "55"]
[EventDate "2024.08.01"]
[EventType "swiss"]
[EventCountry "TUR"]
[SourceTitle "playchess.com"]
[Source "ChessBase"]
[SourceQuality "1"]
[TimeControl "5400+30"]

1. e4 e5 2. Qh5 d6 3. Bc4 g6 4. Qf3 Nf6 5. Ne2 Nc6 6. h3 Bg7 7. d3 Na5 8. Nbc3 Nxc4 9. dxc4 Be6 10. b3 Qe7 11. O-O Nd7 12. Ba3 O-O 13. Rad1 b6 14. Ng3 f5 15. exf5 gxf5 16. Nd5 Bxd5 17. Qxd5+ Kh8 18. Nxf5 Qg5 19. Nxg7 Qxg7 20. Qc6 Rg8 21. Bb2 Rae8 22. f4 Qg6 23. Rf2 Nc5 24. fxe5 dxe5 25. Qxc7 Qh5 26. Re1 Rg5 27. h4 Ne6 28. Qd7 1-0

[Event "Turkish Cup 2024"]
[Site "Denizli"]
[Date "2024.08.06"]
[Round "11"]
[White "Uysal, Ugur"]
[Black "Maruflu, Enes Yusuf"]
[Result "1/2-1/2"]
[ECO "D38"]
[WhiteElo "2114"]
[BlackElo "2228"]
[Annotator "NA RC"]
[PlyCount "34"]
[EventDate "2024.08.01"]
[EventType "swiss"]
[EventCountry "TUR"]
[SourceTitle "playchess.com"]
[Source "ChessBase"]
[SourceQuality "1"]
[TimeControl "5400+30"]

1. Nf3 d5 2. d4 Nf6 3. c4 e6 4. Nc3 Bb4 5. Bg5 h6 6. Bxf6 Qxf6 7. e3 O-O 8. Rc1 dxc4 9. Bxc4 c5 10. O-O cxd4 11. Nxd4 Rd8 12. Qb3 Bf8 13. Be2 Nd7 14. Ne4 Qh4 15. Bd3 Ne5 16. Bb1 b6 17. f4 Ng6 1/2-1/2

[Event "Turkish Cup 2024"]
[Site "Denizli"]
[Date "2024.08.06"]
[Round "11"]
[White "Atis, Hasan"]
[Black "Kilic, Cihan"]
[Result "1-0"]
[ECO "B17"]
[WhiteElo "2080"]
[BlackElo "1869"]
[Annotator "NA RC"]
[PlyCount "101"]
[EventDate "2024.08.01"]
[EventType "swiss"]
[EventCountry "TUR"]
[SourceTitle "playchess.com"]
[Source "ChessBase"]
[SourceQuality "1"]
[TimeControl "5400+30"]

1. e4 c6 2. d4 d5 3. Nc3 dxe4 4. Nxe4 Nd7 5. Bd3 Ngf6 6. Ng5 e6 7. N1f3 Bd6 8. Qe2 Nb6 9. Bd2 h6 10. Ne4 Nxe4 11. Qxe4 Nd5 12. c3 Qc7 13. Ne5 Nf6 14. Qe2 Bxe5 15. dxe5 Nd7 16. f4 b6 17. Be3 Bb7 18. O-O-O O-O-O 19. Rhe1 h5 20. Bf2 g6 21. Bh4 Rde8 22. Rd2 b5 23. Red1 Nb6 24. Qf2 Kb8 25. Qc5 Nd5 26. Be4 Qb6 27. Bf2 Qxc5 28. Bxc5 Bc8 29. Kc2 Ba6 30. b3 Rc8 31. Ra1 Rhd8 32. a4 Kb7 33. g3 Rd7 34. axb5 cxb5 35. b4 Rc6 36. Kb3 Kc8 37. Rda2 Kb7 38. Bf3 Rd8 39. h3 Rdc8 40. g4 hxg4 41. hxg4 Rh8 42. Rd1 Rd8 43. Rh2 Kc8 44. Rh7 Rc7 45. Ra1 Bb7 46. Rxa7 Kb8 47. Ra5 Kc8 48. Rxb5 Bc6 49. Ra5 Nxb4 50. Bb6 Rb7 51. Ra8+ 1-0

[Event "Turkish Cup 2024"]
[Site "Denizli"]
[Date "2024.08.06"]
[Round "11"]
[White "Turgut, Hakan"]
[Black "Yardimci, Can"]
[Result "1-0"]
[ECO "A05"]
[WhiteElo "2052"]
[BlackElo "1930"]
[Annotator "NA RC"]
[PlyCount "83"]
[EventDate "2024.08.01"]
[EventType "swiss"]
[EventCountry "TUR"]
[SourceTitle "playchess.com"]
[Source "ChessBase"]
[SourceQuality "1"]
[TimeControl "5400+30"]

1. Nf3 Nf6 2. c4 g6 3. b3 Bg7 4. Bb2 O-O 5. g3 d5 6. cxd5 Nxd5 7. Bxg7 Kxg7 8. Bg2 c5 9. O-O Nc6 10. d4 cxd4 11. Nxd4 e5 12. Nxc6 bxc6 13. Qc1 Qa5 14. Qxc6 Be6 15. Qd6 Rad8 16. Qxe5+ Kg8 17. e4 Qc7 18. Qxc7 Nxc7 19. Nc3 Rd2 20. Rfd1 Rfd8 21. Nd5 Rxd1+ 22. Rxd1 Kf8 23. Ne3 Rxd1+ 24. Nxd1 Ke7 25. e5 Nb5 26. f4 Bf5 27. Bf1 Nd4 28. Nc3 Kd7 29. Bc4 Be6 30. Kf2 Bxc4 31. bxc4 Kc6 32. Nb5 Nxb5 33. cxb5+ Kxb5 34. Ke3 Kc4 35. Ke4 a5 36. g4 Kc5 37. a4 h5 38. gxh5 gxh5 39. h4 Kb4 40. f5 Kc5 41. f6 Kc6 42. e6 1-0

[Event "Turkish Cup 2024"]
[Site "Denizli"]
[Date "2024.08.06"]
[Round "11"]
[White "Tutuncu, Ali"]
[Black "Akbas, Kaan"]
[Result "0-1"]
[ECO "B26"]
[WhiteElo "2041"]
[BlackElo "1990"]
[Annotator "NA RC"]
[PlyCount "80"]
[EventDate "2024.08.01"]
[EventType "swiss"]
[EventCountry "TUR"]
[SourceTitle "playchess.com"]
[Source "ChessBase"]
[SourceQuality "1"]
[TimeControl "5400+30"]

1. e4 c5 2. Nc3 Nc6 3. g3 g6 4. Bg2 Bg7 5. d3 d6 6. Be3 Rb8 7. f4 b5 8. Qd2 b4 9. Nd1 e6 10. Nf3 Nge7 11. Qf2 O-O 12. O-O Qb6 13. e5 Nd5 14. exd6 Nd4 15. Ne5 Qxd6 16. Bxd4 cxd4 17. Qxd4 Qc7 18. Ne3 Bb7 19. Nxd5 Bxd5 20. Bxd5 Rfd8 21. Qc4 Qb6+ 22. Kh1 Rxd5 23. Rae1 Rc5 24. Qe4 Bxe5 25. fxe5 Rxc2 26. Re2 Rbc8 27. Rg2 Rc1 28. Rgg1 Rxf1 29. Rxf1 Rc2 30. d4 Rxb2 31. Rc1 Qa5 32. Qf3 Qd5 33. Qxd5 exd5 34. Rc8+ Kg7 35. Rc7 Rxa2 36. e6 Kf8 37. Rxf7+ Ke8 38. Rb7 a5 39. Rb5 Ke7 40. Rxd5 b3 0-1

[Event "Turkish Cup 2024"]
[Site "Denizli"]
[Date "2024.08.06"]
[Round "11"]
[White "Yildirim, Ibrahim Halil"]
[Black "Ekinci, Berkay"]
[Result "0-1"]
[ECO "B38"]
[WhiteElo "2024"]
[BlackElo "1976"]
[Annotator "NA RC"]
[PlyCount "140"]
[EventDate "2024.08.01"]
[EventType "swiss"]
[EventCountry "TUR"]
[SourceTitle "playchess.com"]
[Source "ChessBase"]
[SourceQuality "1"]
[TimeControl "5400+30"]

1. e4 c5 2. Nf3 Nc6 3. d4 cxd4 4. Nxd4 g6 5. c4 Bg7 6. Be3 Nf6 7. Nc3 O-O 8. Be2 d6 9. O-O Bd7 10. Nc2 Rc8 11. f3 Na5 12. Na3 Be6 13. Qa4 Nd7 14. Rfc1 b6 15. Rab1 Ne5 16. Nd5 f5 17. exf5 Bxf5 18. b4 Nac6 19. Rb3 Bd7 20. Qa6 e6 21. Nc3 Rc7 22. Nab5 Bc8 23. Qa3 Rd7 24. Rd1 Bb7 25. Qc1 a6 26. Nd4 Nxd4 27. Bxd4 Qh4 28. Qe3 Bh6 29. Qf2 Qf4 30. Qg3 Qf7 31. Ne4 Bf4 32. Qh3 Qf5 33. Qxf5 gxf5 34. Ng3 Nc6 35. Bxb6 Rc8 36. c5 d5 37. a4 Bc7 38. Bxc7 Rdxc7 39. Rb2 Ne5 40. Rc2 a5 41. bxa5 Ra8 42. a6 Bxa6 43. Bb5 Nc4 44. Bxc4 Bxc4 45. Ra1 Rxc5 46. Kf2 Rca5 47. Ke3 Rxa4 48. Rxa4 Rxa4 49. Rb2 Kf7 50. Rb7+ Kg6 51. Re7 Kf6 52. Rc7 Ra3+ 53. Kd4 e5+ 54. Kc5 Ra5+ 55. Kb4 Rb5+ 56. Ka4 Rb2 57. Rxh7 d4 58. Rh6+ Kg5 59. Rh5+ Kg6 60. Rh8 Rxg2 61. Kb4 Bd5 62. Re8 f4 63. Ne4 Bxe4 64. fxe4 Rg5 65. Kc4 Kh5 66. Kd3 Kg4 67. Ke2 f3+ 68. Kd3 Kh3 69. Rf8 Kxh2 70. Rxf3 Rg3 0-1

[Event "Turkish Cup 2024"]
[Site "Denizli"]
[Date "2024.08.06"]
[Round "11"]
[White "Seker, Gokhan"]
[Black "Kilic, Ihsan"]
[Result "0-1"]
[ECO "C47"]
[WhiteElo "2009"]
[BlackElo "1911"]
[Annotator "NA RC"]
[PlyCount "140"]
[EventDate "2024.08.01"]
[EventType "swiss"]
[EventCountry "TUR"]
[SourceTitle "playchess.com"]
[Source "ChessBase"]
[SourceQuality "1"]
[TimeControl "5400+30"]

1. e4 e5 2. Nf3 Nf6 3. Nc3 Nc6 4. a3 d6 5. d4 exd4 6. Nxd4 Bd7 7. Bb5 Be7 8. Bxc6 bxc6 9. O-O c5 10. Nf5 Bxf5 11. exf5 O-O 12. g4 h6 13. f4 Nh7 14. Qf3 Rb8 15. Nd5 Bh4 16. b3 Re8 17. Bb2 c6 18. Ne3 Bf6 19. Bxf6 Qxf6 20. Ng2 d5 21. h4 Re4 22. Rae1 Rbe8 23. Rxe4 Rxe4 24. c3 a5 25. Qh3 d4 26. g5 Qe7 27. f6 gxf6 28. gxh6 Qf8 29. Qf5 Re8 30. Rf3 Kh8 31. Qh5 Rd8 32. Rd3 Rd5 33. f5 Rd7 34. Kh1 Rd8 35. Nf4 Qe7 36. Ng2 Rg8 37. Qf3 Qe5 38. Qf4 Qxf4 39. Nxf4 Rg4 40. Ng2 Nf8 41. b4 axb4 42. axb4 cxb4 43. cxd4 Nd7 44. Kh2 Nb6 45. Kh3 Re4 46. Kg3 Nd5 47. Kf3 Re8 48. Ne3 Ne7 49. d5 c5 50. d6 Nc6 51. d7 Ne5+ 52. Ke4 Nxd7+ 53. Kd5 Ne5 54. Rb3 Rc8 55. Nc4 Nxc4 56. Kxc4 Kh7 57. Rg3 Kxh6 58. Rg1 Kh5 59. Rg2 Kxh4 60. Rg7 Rc7 61. Rg8 Rb7 62. Kxc5 b3 63. Rg1 b2 64. Rb1 Kg4 65. Kd5 Kxf5 66. Kd4 Kf4 67. Kd3 Kf3 68. Kd2 Kf2 69. Kc2 Ke2 70. Kc3 f5 0-1

[Event "Turkish Cup 2024"]
[Site "Denizli"]
[Date "2024.08.06"]
[Round "11"]
[White "Celebi, Mehmet Alper"]
[Black "Akyuz, Murat"]
[Result "0-1"]
[ECO "B24"]
[WhiteElo "1998"]
[BlackElo "1890"]
[Annotator "NA RC"]
[PlyCount "138"]
[EventDate "2024.08.01"]
[EventType "swiss"]
[EventCountry "TUR"]
[SourceTitle "playchess.com"]
[Source "ChessBase"]
[SourceQuality "1"]
[TimeControl "5400+30"]

1. e4 c5 2. Nc3 e6 3. f4 Nc6 4. Nf3 d5 5. d3 d4 6. Ne2 g6 7. g3 Bg7 8. Bg2 Nge7 9. O-O h5 10. h3 Bd7 11. Bd2 Rc8 12. a4 a6 13. a5 b5 14. axb6 Qxb6 15. b3 Ra8 16. Be1 e5 17. Nd2 Be6 18. Nc4 Bxc4 19. bxc4 Bh6 20. Bd2 O-O 21. f5 Bxd2 22. Qxd2 Kh7 23. f6 Ng8 24. g4 Nd8 25. gxh5 Nxf6 26. Rab1 Qd6 27. hxg6+ fxg6 28. Qg5 Ra7 29. h4 Raf7 30. Bf3 Ne6 31. Qg2 Nh5 32. Bxh5 gxh5 33. Rxf7+ Rxf7 34. Ng3 Rg7 35. Qf3 Nf4 36. Kh1 Qd8 37. Nf5 Rg6 38. Rb7+ Kh8 39. Qd1 Rg4 40. Qe1 Rg8 41. Nh6 Rg7 42. Nf7+ Rxf7 43. Rxf7 Qg8 44. Rxf4 exf4 45. Qd2 Qg3 46. Qa5 Qxh4+ 47. Kg2 Qg5+ 48. Kf2 h4 49. Qxa6 Qg3+ 50. Kf1 Kh7 51. Qa7+ Kh6 52. Qb6+ Kh5 53. Qxc5+ Kh6 54. Qd6+ Kh5 55. Qe5+ Kg4 56. Qf5+ Kf3 57. Qh5+ Qg4 58. Qxg4+ Kxg4 59. c5 Kg3 60. c6 h3 61. c7 h2 62. c8=Q h1=Q+ 63. Ke2 f3+ 64. Kd2 Qh6+ 65. Kd1 Qg5 66. Qh8 Kg2 67. Qxd4 f2 68. Qxf2+ Kxf2 69. c3 Ke3 0-1

[Event "Turkish Cup 2024"]
[Site "Denizli"]
[Date "2024.08.06"]
[Round "11"]
[White "Bulgurlu, Okan"]
[Black "Dargali, Hakan"]
[Result "0-1"]
[ECO "A01"]
[WhiteElo "1964"]
[BlackElo "1973"]
[Annotator "NA RC"]
[PlyCount "65"]
[EventDate "2024.08.01"]
[EventType "swiss"]
[EventCountry "TUR"]
[SourceTitle "playchess.com"]
[Source "ChessBase"]
[SourceQuality "1"]
[TimeControl "5400+30"]

1. e4 Nc6 2. b3 e5 3. Bb2 Nf6 4. Nc3 Bc5 5. Bc4 O-O 6. h3 d6 7. Nf3 a6 8. a4 Be6 9. O-O Qd7 10. Kh2 h6 11. Qe2 Rae8 12. Nd5 Bxd5 13. exd5 Nb4 14. Qd1 Nbxd5 15. d4 exd4 16. Nxd4 Nf4 17. Qf3 d5 18. Ne2 Nxe2 19. Bxe2 Ne4 20. Rad1 Qe6 21. Bd3 Bd6+ 22. Kg1 c5 23. Rfe1 f5 24. Bf1 Kh7 25. Qd3 d4 26. Bc1 Qg6 27. Qf3 Re7 28. Bd3 Rfe8 29. Bf4 Ng5 30. Qg3 Rxe1+ 31. Rxe1 Rxe1+ 32. Kh2 Ne4 33. Bc1 0-1

[Event "Turkish Cup 2024"]
[Site "Denizli"]
[Date "2024.08.06"]
[Round "11"]
[White "Cicek, Bilal Emre"]
[Black "Kavri, Yusuf Eren"]
[Result "0-1"]
[ECO "A14"]
[WhiteElo "1963"]
[BlackElo "2090"]
[Annotator "NA RC"]
[PlyCount "96"]
[EventDate "2024.08.01"]
[EventType "swiss"]
[EventCountry "TUR"]
[SourceTitle "playchess.com"]
[Source "ChessBase"]
[SourceQuality "1"]
[TimeControl "5400+30"]

1. c4 e6 2. g3 Nf6 3. Bg2 d5 4. Nf3 Be7 5. O-O O-O 6. b3 d4 7. Bb2 Nc6 8. e3 e5 9. exd4 exd4 10. d3 a5 11. a3 h6 12. Nbd2 Bf5 13. Qc2 Bc5 14. Rfe1 Qd6 15. Ne4 Nxe4 16. dxe4 Bh7 17. Bf1 Rae8 18. Bd3 Re6 19. Bc1 Rfe8 20. Bf4 Qe7 21. e5 Bxd3 22. Qxd3 Rd8 23. a4 Bb4 24. Bd2 Nxe5 25. Nxe5 Rxe5 26. Bxb4 axb4 27. Rxe5 Qxe5 28. Rd1 c5 29. Kf1 Re8 30. Qf3 Qe4 31. Kg2 f5 32. h4 Kf7 33. a5 Re6 34. Ra1 Kf6 35. Rd1 Ra6 36. Ra1 g5 37. hxg5+ hxg5 38. g4 Qxg4+ 39. Qxg4 fxg4 40. Kg3 Kf5 41. Re1 Rxa5 42. Re7 Ra3 43. Rf7+ Ke4 44. Kxg4 Rxb3 45. Rxb7 d3 46. Rd7 Rc3 47. f3+ Ke3 48. Kxg5 d2 0-1

[Event "Turkish Cup 2024"]
[Site "Denizli"]
[Date "2024.08.06"]
[Round "11"]
[White "Celik, Ege Yigit"]
[Black "Polat, Ali Gorkem"]
[Result "1-0"]
[ECO "A38"]
[WhiteElo "1949"]
[BlackElo "1798"]
[Annotator "NA RC"]
[PlyCount "67"]
[EventDate "2024.08.01"]
[EventType "swiss"]
[EventCountry "TUR"]
[SourceTitle "playchess.com"]
[Source "ChessBase"]
[SourceQuality "1"]
[TimeControl "5400+30"]

1. c4 c5 2. Nc3 Nc6 3. g3 g6 4. Bg2 Bg7 5. Nf3 d6 6. a3 Nf6 7. d3 O-O 8. Rb1 a5 9. O-O Rb8 10. Bd2 Bd7 11. Nb5 Ne8 12. b4 axb4 13. axb4 Nxb4 14. Bxb4 cxb4 15. Rxb4 Nc7 16. Nxc7 Qxc7 17. Qb3 Rfc8 18. Rb1 b5 19. cxb5 Rb6 20. Nd2 Rcb8 21. Qa4 Qc5 22. d4 Qc8 23. e3 Qe8 24. Bf1 d5 25. Qa5 Bf5 26. R1b2 e5 27. Nb3 Bf8 28. Ra4 Bd7 29. Nc5 Bxb5 30. Rab4 Bxc5 31. dxc5 Ra6 32. Rxb5 Rxb5 33. Qxb5 Qe6 34. Qxa6 1-0

[Event "Turkish Cup 2024"]
[Site "Denizli"]
[Date "2024.08.06"]
[Round "11"]
[White "Demirag, Batuhan"]
[Black "Zeyrek, Ayaz"]
[Result "1/2-1/2"]
[ECO "A31"]
[WhiteElo "1912"]
[BlackElo "1798"]
[Annotator "NA RC"]
[PlyCount "112"]
[EventDate "2024.08.01"]
[EventType "swiss"]
[EventCountry "TUR"]
[SourceTitle "playchess.com"]
[Source "ChessBase"]
[SourceQuality "1"]
[TimeControl "5400+30"]

1. Nf3 c5 2. c4 Nc6 3. d4 cxd4 4. Nxd4 e5 5. Nc2 Nf6 6. Nc3 d6 7. e4 Be6 8. Be2 Be7 9. O-O O-O 10. b3 a6 11. Kh1 Nd7 12. Nd5 Bxd5 13. exd5 Ncb8 14. Be3 Bg5 15. f4 exf4 16. Bxf4 Bxf4 17. Rxf4 Ne5 18. Qd4 Nbd7 19. Raf1 Qa5 20. a4 Rac8 21. Ne3 g6 22. Bg4 f5 23. Bxf5 gxf5 24. Nxf5 Kh8 25. Nxd6 Rxf4 26. Rxf4 Qe1+ 27. Qg1 Qxg1+ 28. Kxg1 Rb8 29. Re4 Ng6 30. b4 b6 31. h4 h5 32. Re6 Kh7 33. Ne4 Nde5 34. Nf6+ Kh6 35. c5 bxc5 36. bxc5 Rb1+ 37. Kh2 Rf1 38. Kg3 Rc1 39. c6 Rc3+ 40. Kh2 Rc1 41. d6 Nxc6 42. d7 Nd8 43. Re8 Nf7 44. d8=Q Nxd8 45. Rxd8 Rc4 46. g3 Rxa4 47. Rd5 Ra2+ 48. Kh3 a5 49. Rxh5+ Kg7 50. Ne4 Re2 51. Nc5 Re5 52. Rxe5 Nxe5 53. g4 Nc4 54. g5 Nb6 55. Kg4 a4 56. h5 a3 1/2-1/2

[Event "Turkish Cup 2024"]
[Site "Denizli"]
[Date "2024.08.06"]
[Round "11"]
[White "Herdem, Talha"]
[Black "Bektas, Arda"]
[Result "1/2-1/2"]
[ECO "B23"]
[WhiteElo "1911"]
[BlackElo "1652"]
[Annotator "NA RC"]
[PlyCount "38"]
[EventDate "2024.08.01"]
[EventType "swiss"]
[EventCountry "TUR"]
[SourceTitle "playchess.com"]
[Source "ChessBase"]
[SourceQuality "1"]
[TimeControl "5400+30"]

1. e4 c5 2. Nc3 Nc6 3. Bb5 Nd4 4. Nf3 a6 5. Bd3 g6 6. b4 d6 7. Nxd4 cxd4 8. Ne2 d5 9. e5 Bg7 10. f4 f6 11. exf6 Nxf6 12. Bb2 Ne4 13. Bxd4 Bxd4 14. Nxd4 e5 15. Bxe4 dxe4 16. Ne2 Qb6 17. Rf1 O-O 18. Qb1 Be6 19. Qb2 exf4 1/2-1/2

[Event "Turkish Cup 2024"]
[Site "Denizli"]
[Date "2024.08.06"]
[Round "11"]
[White "Cakir, Ege"]
[Black "Tirpan, Ceren"]
[Result "1-0"]
[ECO "E62"]
[WhiteElo "1889"]
[BlackElo "1926"]
[Annotator "NA RC"]
[PlyCount "105"]
[EventDate "2024.08.01"]
[EventType "swiss"]
[EventCountry "TUR"]
[SourceTitle "playchess.com"]
[Source "ChessBase"]
[SourceQuality "1"]
[TimeControl "5400+30"]

1. d4 Nf6 2. Nf3 g6 3. c4 Bg7 4. g3 O-O 5. Bg2 d6 6. O-O c6 7. Nc3 Bf5 8. Nh4 Be6 9. d5 Bc8 10. e4 Nbd7 11. h3 Qb6 12. Qe2 Ne5 13. Re1 e6 14. Be3 Qa6 15. Bf1 exd5 16. exd5 cxd5 17. cxd5 Qxe2 18. Rxe2 h6 19. f4 Nc4 20. Bd4 Nb6 21. Rd1 Bd7 22. Nf3 Rfe8 23. Rxe8+ Rxe8 24. Kf2 Ne4+ 25. Nxe4 Rxe4 26. Bxb6 axb6 27. b3 Bf6 28. Re1 Rxe1 29. Nxe1 Bf5 30. Ke3 Bb1 31. a4 Bc3 32. Nf3 Kf8 33. Bd3 Ba2 34. Bc2 Ke7 35. Nd4 Kf6 36. Ne2 Bb2 37. Kd2 g5 38. Nc3 gxf4 39. gxf4 Bxb3 40. Ne4+ Kg6 41. Bxb3 Ba3 42. Ke3 Kh5 43. Bd1+ Kg6 44. Ng3 Kf6 45. Bc2 Bc5+ 46. Kf3 Ba3 47. Kg4 Bc1 48. h4 Be3 49. h5 Bc1 50. Nf5 b5 51. axb5 b6 52. Nxd6 Be3 53. Nc8 1-0